Map: New Repugnancy LE

Players

Frank - Winner!

  • Race: Zerg Zerg
  • League: Diamond
  • Spawn Location: 1:00

Havoc

  • Race: Terran Terran
  • League: Diamond
  • Spawn Location: 7:00

VOD

Have the link to the VOD?

Description

Time

  • Played on: Jan. 27, 2019, 4:56 a.m.
  • Length: 14:10
Show
View Real Time Build Order
Export as new Build Order

Frank Zerg - Winner!

Build Orders: Hatch First, Lurkers 

Get SALT Encoding   

  12  0:01  Drone  
  13  0:13  Overlord  
  13  0:18  Drone  
  14  0:31  Drone x2  
  16  0:52  Hatchery  
  16  0:54  Drone  
  16  0:58  Drone  
  16  1:02  Extractor  
  16  1:05  Drone  
  17  1:21  Spawning Pool  
  17  1:23  Drone  
  17  1:28  Drone  
  17  1:32  Drone  
  19  1:39  Overlord  
  19  2:07  Metabolic Boost  
  19  2:08  Queen x2  
  23  2:16  Zergling x4  
  23  2:21  Drone  
  23  2:22  Drone  
  27  2:26  Drone  
  27  2:28  Drone  
  29  2:38  Spore Crawler  
  28  2:47  Zergling x4  
  30  3:06  Overlord, Hatchery  
  30  3:07  Drone  
  30  3:08  Drone x3  
  33  3:14  Queen  
  35  3:24  Overlord  
  35  3:28  Drone x2  
  35  3:29  Drone x2  
  35  3:33  Drone  
  40  3:38  Lair  
  40  3:48  Drone x4  
  44  3:52  Overlord  
  44  3:57  Queen  
  46  4:03  Drone x2  
  46  4:04  Drone  
  46  4:07  Extractor  
  46  4:09  Extractor  
  47  4:11  Extractor  
  47  4:14  Zergling x6  
  49  4:33  Queen  
  49  4:38  Drone x4  
  53  4:39  Drone x2  
  57  4:47  Drone  
  57  4:48  Drone x2  
  57  4:49  Evolution Chamber  
  57  4:50  Hydralisk Den  
  57  4:51  Drone  
  57  4:52  Baneling Nest, Evolution Chamber  
  57  4:58  Drone x5  
  62  5:01  Overlord  
  62  5:15  Zerg Missile Weapons Level 1  
  62  5:19  Zerg Ground Armor Level 1  
  62  5:23  Drone  
  62  5:24  Drone x7  
  70  5:33  Overlord x3  
  70  5:37  Grooved Spines  
  70  5:43  Drone x3  
  70  5:49  Centrifical Hooks  
  56  6:28  Drone x9  
  56  6:29  Drone x5  
  70  6:33  Drone  
  70  6:34  Drone x2  
  73  6:46  Extractor  
  72  6:47  Extractor  
  72  6:50  Drone x4  
  75  6:56  Hatchery  
  75  6:57  Drone x4  
  78  7:01  Muscular Augments  
  78  7:09  Overlord x4  
  78  7:10  Lurker Den  
  78  7:14  Drone  
  78  7:15  Drone x4  
  82  7:24  Zerg Missile Weapons Level 2, Zerg Ground Armor Level 2  
  82  7:26  Hydralisk  
  84  7:38  Hydralisk x5  
  94  7:53  Hydralisk  
  94  7:54  Hydralisk x6  
  108  8:01  Hydralisk x3  
  114  8:11  Hydralisk  
  114  8:12  Hydralisk x2  
  78  8:49  Hydralisk x9  
  78  8:50  Hydralisk x2  
  98  9:03  Lurker  
  96  9:35  Lurker x3  
  99  9:40  Drone  
  99  9:41  Drone x12  
  112  9:58  Hydralisk x4  
  120  10:01  Overlord x2  
  109  10:26  Drone x2  
  109  10:27  Drone x4  
  115  10:40  Zergling x16  
  115  10:41  Zergling x12  
  129  10:53  Queen  
  131  10:57  Hydralisk  
  131  10:58  Hydralisk  
  131  11:00  Overlord  
  131  11:01  Overlord x4  
  135  11:12  Baneling x14  
  135  11:13  Baneling x14  
  135  11:25  Hydralisk  
  135  11:26  Hydralisk x6  
  149  11:45  Zergling x24  
  149  11:46  Zergling x8  
  165  11:55  Lurker  
  165  11:56  Lurker x6  
  165  11:59  Hydralisk  
  165  12:00  Hydralisk  
  129  12:24  Hydralisk x6  
  129  12:25  Hydralisk x3  
  147  12:37  Drone  
  147  12:38  Drone x8  
  145  12:59  Hydralisk  
  142  13:10  Drone x11  
  142  13:11  Drone  
  151  13:25  Hydralisk  
  151  13:26  Hydralisk x5  
  141  14:02  Spawning Pool  
Show
View Real Time Build Order
Export as new Build Order

Havoc Terran 

Build Orders: Liberator Opening 

Get SALT Encoding   

  12  0:00  SCV  
  13  0:13  SCV  
  14  0:18  Supply Depot  
  14  0:25  SCV  
  15  0:36  Refinery  
  15  0:40  SCV  
  16  0:48  Barracks  
  16  0:52  SCV  
  17  1:04  SCV  
  18  1:16  SCV  
  19  1:28  SCV  
  20  1:35  Reaper  
  21  1:41  Orbital Command  
  21  1:54  Command Center  
  21  2:08  Factory, SCV  
  22  2:20  Barracks Reactor  
  22  2:21  SCV  
  23  2:31  Supply Depot  
  23  2:52  SCV  
  24  3:07  Starport  
  24  3:08  Hellion, Orbital Command  
  24  3:09  Hellion, Refinery  
  28  3:15  Barracks Tech Lab  
  28  3:18  SCV  
  29  3:30  Hellion x2, SCV  
  34  3:38  Liberator  
  34  3:45  SCV  
  35  3:51  Hellion x2  
  42  4:00  Marine  
  43  4:17  Command Center  
  43  4:22  Supply Depot  
  43  4:23  Supply Depot  
  43  4:38  Medivac  
  45  4:40  Barracks  
  45  4:43  Barracks, Factory Tech Lab  
  45  4:45  Barracks  
  45  4:48  Barracks, Stimpack  
  45  4:52  Supply Depot  
  45  5:01  SCV x2  
  45  5:04  Siege Tank  
  45  5:07  Marine  
  51  5:30  Orbital Command  
  51  5:33  Barracks Reactor  
  51  5:34  Barracks Reactor  
  51  5:35  Starport Reactor  
  51  5:36  Barracks Tech Lab, Marine  
  51  5:40  SCV x2  
  54  5:42  Engineering Bay  
  39  6:19  Marine x3  
  39  6:20  Combat Shield, Marine  
  39  6:21  SCV  
  39  6:22  SCV x2  
  39  6:23  Terran Infantry Weapons Level 1  
  39  6:25  Engineering Bay  
  46  6:27  Refinery  
  46  6:30  Marine x3  
  46  6:31  Marine  
  46  6:32  Refinery  
  50  6:37  Marine x4  
  50  6:38  Siege Tank  
  50  6:39  SCV  
  59  6:40  SCV  
  59  6:48  Marine x3  
  62  6:57  Terran Infantry Armor Level 1  
  62  7:01  Orbital Command  
  62  7:08  Marine  
  62  7:09  Marine x7  
  62  7:11  Supply Depot  
  62  7:12  Medivac  
  62  7:13  Supply Depot x2  
  72  7:26  Marine  
  73  7:32  SCV x2  
  73  7:35  Marine x7  
  82  7:40  SCV  
  83  7:44  SCV  
  83  7:45  Armory  
  83  7:48  Marine  
  85  7:52  Marine  
  85  7:53  Marine x3  
  89  8:00  Marine x2  
  91  8:15  Marine x6  
  91  8:16  SCV x2  
  91  8:18  Marine x2  
  95  8:32  Marine  
  95  8:33  Marine  
  92  8:41  Marine  
  92  8:42  Siege Tank  
  92  8:48  Marine x5  
  81  8:50  Marine  
  81  8:51  Marine  
  81  8:55  Medivac  
  89  8:59  Marine  
  90  9:06  Marine x5  
  90  9:08  Marine  
  96  9:12  Marine  
  96  9:14  Siege Tank  
  100  9:24  SCV x3  
  91  9:28  Medivac x2  
  97  9:31  Starport  
  97  9:36  SCV x2  
  99  9:39  SCV  
  99  9:40  Sensor Tower, Terran Infantry Weapons Level 2  
  100  9:46  Siege Tank  
  100  9:48  SCV x2  
  105  9:54  Command Center  
  105  9:57  Medivac  
  105  9:58  Medivac  
  109  10:04  Supply Depot, Refinery  
  108  10:20  Marine  
  108  10:21  Marine  
  108  10:23  Supply Depot  
  109  10:30  Supply Depot  
  109  10:31  Starport Tech Lab  
  109  10:32  Supply Depot  
  109  10:34  Liberator x2  
  109  10:45  Siege Tank, Marine x5  
  117  10:51  Marine x2  
  117  10:55  Barracks  
  125  10:58  Barracks  
  125  10:59  Refinery  
  125  11:04  Terran Infantry Armor Level 2  
  125  11:11  Sensor Tower  
  125  11:17  Siege Tank  
  128  11:29  Factory  
  128  11:38  Raven  
  128  11:39  Marine  
  131  11:48  Marine  
  131  11:49  Siege Tank  
  131  11:51  Barracks Tech Lab  
  131  11:52  Barracks Tech Lab  
  125  12:21  Siege Tank  
  91  12:25  Marine  
  91  12:27  SCV  
  91  12:28  SCV x2  
  95  12:39  SCV  
  95  12:40  SCV x2  
  95  12:43  Marine x2  
  95  12:44  Marine x3  
  100  12:46  Marine  
  100  12:47  Marine  
  102  12:52  SCV, Factory Tech Lab  
  102  12:53  Siege Tank  
  103  13:02  Marine  
  97  13:11  Marine x4  
  98  13:14  Marine  
  98  13:15  Marine x2  
  98  13:19  Marine  
  97  13:25  Siege Tank  
  88  13:29  Marine x4  
  88  13:32  Marine  
  88  13:33  Marine x2  
  94  13:37  Marine  
  71  13:46  Marine  
  71  13:47  Marine x2  
  51  13:50  Marine x2  
Tags
 
Add a new tag
Caveats
  • Supply blocks, unpowered buildings, or Contaminate may cause inaccurate times.
  • Supply counts are checked every 10 seconds.